 Dungeon Crawl Stone Soup version 0.32-a0-42-ga30500b4d3 (webtiles) character file.

Game seed: 5310177551800318614

6948 Newt the Fighter (level 11, 0/76 HPs)
             Began as a Gargoyle Fighter on Feb 3, 2024.
             Was an Elder of Okawaru.
             Slain by a molten gargoyle
             ... wielding a +3 mace
              (9 damage)
             ... on level 9 of the Dungeon.
             The game lasted 00:10:42 (9587 turns).

Newt the Fighter (Gargoyle Fighter)                 Turns: 9587, Time: 00:10:42

Health: 0/76       AC: 19    Str: 33    XL:     11   Next: 7%
Magic:  11/11      EV:  8    Int:  9    God:    Okawaru [****..]
Gold:   289        SH: 13    Dex:  9    Spells: 10/10 levels left

rFire   . . .        H - +1 morningstar (holy)
rCold   . . .        K - +2 tower shield
rNeg    + . .        x - +0 ring mail of Polytheism {^Drain rPois Str+3 Stlth+}
rPois   ∞            n - +1 helmet {SInv}
rElec   +            (no cloak)
rCorr   .            (no gloves)
SInv    +            s - +1 pair of boots
Will    .....        (no amulet)
Stlth   +            y - +6 ring of strength
HPRegen 0.32/turn    (no ring)
MPRegen 0.12/turn

%: no passive effects
@: no status effects
A: sickness immunity, AC +8, negative energy resistance 1, electricity
resistance, torment resistance 1, petrification resistance
a: Renounce Religion, Heroism, Finesse


You were on level 9 of the Dungeon.
You worshipped Okawaru.
Okawaru was greatly pleased with you.
You visited 2 branches of the dungeon, and saw 10 of its levels.

You collected 399 gold pieces.
You spent 110 gold pieces at shops.

Inventory:

Hand Weapons
 a - a +1 flail of flaming
 D - a +0 dagger
 H - a +1 morningstar of holy wrath (weapon)
Missiles
 d - 22 poisoned darts (quivered)
 l - 11 javelins
 E - 3 boomerangs
Armour
 b - a +0 scale mail
 c - a +0 buckler
 n - a +1 helmet of see invisible (worn)
 s - a +1 pair of boots (worn)
 x - the +0 ring mail of Polytheism (worn) {^Drain rPois Str+3 Stlth+}
   (You found it on level 5 of the Dungeon)

   Str+3:     It affects your strength (+3).
   rPois:     It protects you from poison ^Drain: It drains your maximum health
   when unequipped.
   Stlth+:    It makes you more stealthy.
 K - a +2 tower shield (worn)
Jewellery
 j - an amulet of magic regeneration
 y - a +6 ring of strength (left hand)
Wands
 g - a wand of flame (2)
 z - a wand of paralysis (11)
 J - a wand of roots (13)
Scrolls
 f - 2 scrolls of noise
 h - a scroll of amnesia
 k - 2 scrolls of vulnerability
 o - a scroll of torment
 p - 2 scrolls of revelation
 q - a scroll of enchant armour
 r - 2 scrolls of brand weapon
 t - 3 scrolls of teleportation
 u - a scroll of fog
 C - a scroll of poison
 G - 2 scrolls of immolation
Potions
 e - 2 potions of enlightenment
 i - 3 potions of degeneration
 m - a potion of resistance
 v - a potion of brilliance
 w - 3 potions of lignification
 A - a potion of mutation
 B - a potion of attraction {unknown}
 F - a potion of cancellation
 L - a potion of curing


   Skills:
 + Level 12.0 Fighting
 - Level 7.9 Maces & Flails
 - Level 7.5 Throwing
 - Level 7.1 Armour
 * Level 4.0 Shields


You had 10 spell levels left.
You didn't know any spells.
Your spell library contained the following spells:

 Spells                   Type           Power      Damage    Failure   Level
 Jinxbite                 Hex            0%         N/A       96%         2
 Yara's Violent Unravell  Hex/Alch       0%         3d3       100%        5
 Enfeeble                 Hex            0%         N/A       100%        7


Dungeon Overview and Level Annotations

Branches:
Dungeon (9/15)             Temple (1/1) D:7
   Lair: D:8-11         Orc: D:9-12

Altars:
Ashenzari
Cheibriados
Elyvilon
Fedhas
Gozag
Hepliaklqana
Kikubaaqudgha
Makhleb
Okawaru
Qazlal
Ru
Sif Muna
Trog
Uskayaw
Vehumet
Wu Jian
Xom
Yredelemnul
Zin
The Shining One

Shops:
D:4 ?[(!=   D:7 *


Innate Abilities, Weirdness & Mutations

You are immune to sickness and miasma.
Your stone body is resilient. (AC +8)
You are immune to poison.
You resist negative energy. (rN+)
You are resistant to electric shocks. (rElec)
You are resistant to unholy torment.
You are immune to petrification.


Message History

Found an ornate altar of the Wu Jian Council.
Found 17 stones and a spear.
No target in view!
No target in view!
No target in view!
Found a dagger.
A molten gargoyle comes into view. It is wielding a +3 mace.
A molten gargoyle is nearby!
You block the molten gargoyle's attack.
You hit the molten gargoyle.
The molten gargoyle is lightly damaged.
The molten gargoyle hits you with a +3 mace!
You are engulfed in flames!
You sock the molten gargoyle!
The molten gargoyle is heavily damaged.
A molten gargoyle comes into view. It is wielding a +0 mace.
The molten gargoyle blasts magma at you!
The bolt of magma hits you!! You block the molten gargoyle's attack.
You puncture the molten gargoyle!
The molten gargoyle is severely damaged.
The molten gargoyle blasts magma at you!
The bolt of magma hits you!!
* * * LOW HITPOINT WARNING * * *
Unknown command.
Hit: H) +1 morningstar (holy)
Press: ? - help, Dir - move target, f - molten gargoyle
Aim: a molten gargoyle, wielding a +3 mace (severely damaged, about 28% to evade your +1 morningstar of holy wrath)
Okay, then.
Unknown command.
You feel much better.
The molten gargoyle blasts magma at you!
The bolt of magma hits you!
* * * LOW HITPOINT WARNING * * *
Unknown command.
You hit the molten gargoyle.
The molten gargoyle is almost destroyed.
The molten gargoyle hits you with a +3 mace!
* * * LOW HITPOINT WARNING * * *
You are engulfed in flames!
You die...

#......######.######
##.......#...#.#....#
##........#...........
#.......###...........
###.....................
#...........####........
##..........######......
..............# #......
.......@......# #.......
...?#..9......# ...#.##.
#.#.#.......).# ##### .
.#.##........ # §.9#
......... # ≈≈.
......... . ≈≈≈
......... .. 8≈
##........ .. .


You could see 2 molten gargoyles.

Vanquished Creatures
  A two-headed ogre (D:9)
  Maggie (D:7)
  2 hornets
  Prince Ribbit (Temple)
  11 yaks (D:8)
  4 steam dragons
  A water moccasin (D:7)
  A black bear (D:5)
  An ice beast (D:5)
  2 sky beasts (D:8)
  2 ogres (D:6)
  2 centaurs
  2 phantoms
  A kobold brigand (D:9)
  5 bullfrogs
  3 scorpions
  11 wights
  5 howler monkeys
  2 bombardier beetles
  3 hounds
  2 gnoll boudas (D:7)
  2 jellies
  6 orc priests
  2 iguanas
  A sleepcap (D:6)
  Natasha (thrice) (D:4)
  7 orc wizards
  6 adders
  12 gnolls
  5 white imps
  3 ribbon worms
  3 dart slugs
  32 orcs
  7 bats
  4 endoplasms
  3 giant cockroaches
  6 goblins
  5 hobgoblins
  4 jackals (D:3)
  4 quokkas
  7 ball pythons
  4 frilled lizards
  11 kobolds
  9 rats
209 creatures vanquished.

Vanquished Creatures (others)
  An orc wizard (D:6)
1 creature vanquished.

Grand Total: 210 creatures vanquished

Notes
Turn   | Place    | Note
-------+----------+-------------------------------------------
     0 | D:1      | Newt the Gargoyle Fighter began the quest for the Orb.
     0 | D:1      | Reached XP level 1. HP: 14/14 MP: 1/1
   154 | D:1      | Reached XP level 2. HP: 19/19 MP: 2/2
   706 | D:2      | Reached XP level 3. HP: 16/24 MP: 3/3
   708 | D:2      | Reached skill level 4 in Fighting
  1243 | D:2      | Found an ornate altar of the Wu Jian Council.
  1596 | D:3      | Reached XP level 4. HP: 30/30 MP: 4/4
  2246 | D:4      | Noticed Natasha
  2272 | D:4      | Killed Natasha
  2273 | D:4      | Reached XP level 5. HP: 22/34 MP: 5/5
  2279 | D:4      | Found Anee's Antique Armour Emporium.
  2300 | D:4      | Noticed Natasha
  2316 | D:4      | Killed Natasha
  2317 | D:4      | Reached skill level 5 in Fighting
  2504 | D:4      | Noticed Natasha
  2515 | D:4      | Killed Natasha
  2632 | D:4      | Found Noamp's Magic Scroll Shoppe.
  2640 | D:4      | Bought 3 scrolls of identify for 66 gold pieces
  2729 | D:4      | Found Urieruiz's Weapon Emporium.
  2864 | D:4      | Found Simuj's Jewellery Boutique.
  2871 | D:4      | Reached XP level 6. HP: 39/40 MP: 6/6
  2930 | D:4      | Found Muhepro's Distillery.
  3037 | D:4      | Reached skill level 6 in Fighting
  3150 | D:4      | Bought a potion of brilliance for 44 gold pieces
  3191 | D:5      | Entered Level 5 of the Dungeon
  3197 | D:5      | Reached skill level 5 in Maces & Flails
  3310 | D:5      | Reached XP level 7. HP: 47/47 MP: 7/7
  3508 | D:5      | Identified the +0 ring mail of Polytheism {^Drain rPois
                  | Str+3 Stlth+}
  3733 | D:5      | Reached skill level 7 in Fighting
  4291 | D:6      | Noticed a steam dragon
  4442 | D:6      | Reached XP level 8. HP: 32/53 MP: 8/8
  4683 | D:6      | Reached skill level 8 in Fighting
  5141 | D:6      | Reached skill level 9 in Fighting
  5622 | D:6      | Reached XP level 9. HP: 60/60 MP: 9/9
  5893 | D:6      | Found a stormy altar of Qazlal.
  5919 | D:6      | Found an iron altar of Okawaru.
  5932 | D:6      | Became a worshipper of Warmaster Okawaru
  6006 | D:7      | Reached skill level 5 in Armour
  6109 | D:7      | Found Saisist's Fire Supplies.
  6167 | D:7      | Found a staircase to the Ecumenical Temple.
  6179 | D:7      | Noticed Maggie
  6183 | D:7      | Noticed Prince Ribbit
  6188 | D:7      | Killed Maggie
  6188 | D:7      | Reached * piety under Okawaru
  6208 | D:7      | Reached skill level 10 in Fighting
  6217 | Temple   | Entered the Ecumenical Temple
  6220 | Temple   | Killed Prince Ribbit
  6979 | D:7      | Reached skill level 1 in Throwing
  7558 | D:8      | Noticed a hornet
  7568 | D:8      | Killed a hornet
  7568 | D:8      | Reached ** piety under Okawaru
  7690 | D:8      | Reached XP level 10. HP: 68/68 MP: 10/10
  8234 | D:8      | Identified the +1 short sword "Fyreza" {protect, Str-5
                  | Dex+4}
  8442 | D:9      | Reached skill level 11 in Fighting
  8454 | D:9      | Noticed a two-headed ogre
  8458 | D:9      | Killed a two-headed ogre
  8458 | D:9      | Reached *** piety under Okawaru
  8459 | D:9      | Reached skill level 5 in Throwing
  8865 | D:8      | Reached **** piety under Okawaru
  9267 | D:8      | Reached XP level 11. HP: 70/76 MP: 11/11
  9274 | D:8      | Reached skill level 12 in Fighting
  9525 | D:9      | Found an ornate altar of the Wu Jian Council.
  9587 | D:9      | Slain by a molten gargoyle

Illustrated notes

Levels and vault maps discovered:
D:1:      dpeg_arrival_rhombus, layout_basic
D:2:      layout_basic, basic_altar
D:3:      layout_loops_ring, serial_rivers, chequers_serial_rivers_micro_e,
          chequers_serial_rivers_micro_c, chequers_serial_rivers_micro_e,
          chequers_serial_rivers_micro_d, chequers_serial_rivers_small_b
D:4:      layout_rooms, serial_shops, nicolae_shop_trees, shop, shop,
          nicolae_shop_pleasant_corner_grove, shop, uniq_natasha
D:5:      layout_basic
D:6:      layout_cave_pods, mainiacjoe_overflow_two_lobes, st_stairs_1
D:7:      layout_cave_pools, minmay_temple_entry_grid, nicolae_shop_fire_sale
          [nicolae_sub_dead_trees], uniq_maggie, uniq_prince_ribbit1
D:8:      layout_loops_ring
D:9:      layout_cave_pools, nicolae_overflow_hidden_temple,
          nzn_wu_jian_contemplation, minivault_8
Temple:   nicolae_temple_bog_church

Skill      XL: |  1  2  3  4  5  6  7  8  9 10 11 |
---------------+----------------------------------+-----
Fighting       | 4 5 6 7 9 10 11 12 | 12.0
Maces & Flails | 3 4 5 6 7 |  7.9
Armour         | 7 |  7.1
Throwing       | 3 7 |  7.5
Shields        | 4 |  4.0

Action                     |  1- 3 |  4- 6 |  7- 9 | 10-12 || total
---------------------------+-------+-------+-------+-------++-------
  Melee: Flail             |   126 |   153 |   251 |       ||   530
         Morningstar       |       |       |    31 |   203 ||   234
  Throw: Dart              |       |       |       |     3 ||     3
    Use: Scroll            |     4 |    10 |     7 |       ||    21
         Potion            |       |     5 |     1 |     2 ||     8
   Stab: Sleeping          |       |       |     1 |       ||     1
 Armour: Scale mail        |   112 |   140 |    19 |       ||   271
         Ring mail         |       |       |   253 |   126 ||   379
  Dodge: Dodged            |    64 |    82 |   164 |    63 ||   373
  Block: Buckler           |    20 |    27 |    63 |     3 ||   113
         Tower shield      |       |       |       |   141 ||   141

Table legend: (Time is in decaauts)
 A = Elapsed time spent in this place.
 B = Non-inter-level travel time spent in this place.
 C = Inter-level travel time spent in this place.
 D = Time resting spent in this place.
 E = Time spent auto-exploring this place.
 F = Levels seen in this place.
 G = Mean time per level.
                   A        B        C        D        E       F      G
               +--------+--------+--------+--------+--------+-----+--------+
         Total |   9742 |   9424 |    318 |   2630 |   5080 |  10 |  974.2 |
       Dungeon |   9217 |   8899 |    318 |   2115 |   5080 |   9 | 1024.1 |
        Temple |    525 |    525 |      0 |    515 |      0 |   1 |  525.0 |
               +--------+--------+--------+--------+--------+-----+--------+

Top non-repeatable levels by time:
     D:8: 1666 daAuts
     D:6: 1646 daAuts
     D:5: 1149 daAuts
     D:7: 1050 daAuts
     D:4: 952 daAuts
     D:2: 879 daAuts
     D:3: 747 daAuts
     D:1: 700 daAuts
  Temple: 525 daAuts
     D:9: 425 daAuts
